 Dungeon Crawl Stone Soup version 0.30-a0-953-g5f1da4a474 (webtiles) character file.

Game seed: 15544540106819150979

18 Jackthecabe the Ducker (level 2, 0/12 HPs)
             Began as a Felid Artificer on Mar 28, 2023.
             Slain by a goblin
             ... wielding a +0 dagger
              (3 damage)
             ... on level 1 of the Dungeon.
             The game lasted 00:01:44 (563 turns).

Jackthecabe the Ducker (Felid Artificer)             Turns: 563, Time: 00:01:44

Health: 0/12       AC:  1    Str:  8    XL:     2   Next: 48%
Magic:  3/3        EV: 18    Int: 12    God:
Gold:   66         SH:  0    Dex: 16    Spells: 1/1 levels left
                                        Lives:  0   Deaths: 0

rFire   . . .      SeeInvis +    (weapon unavailable)
rCold   . . .      Faith    .    (shield unavailable)
rNeg    . . .      Spirit   .    (body armour unavailable)
rPois   .          Reflect  .    (helmet unavailable)
rElec   .          Rampage  .    (cloak unavailable)
rCorr   .                        (gloves unavailable)
Will    .....                    (boots unavailable)
Stlth   ++                       (no amulet)
HPRegen 0.22/turn                L - ring of flight
MPRegen 0.08/turn                (no ring)

@: flying, quick
A: very small, claws 1, fangs 3, see invisible, speed 1, shaggy fur 1, stealthy
paws, no weapons or thrown items, no armour, multi-lived
a: no special abilities


You were on level 1 of the Dungeon.
You visited 1 branch of the dungeon, and saw 1 of its levels.

You collected 66 gold pieces.


Innate Abilities, Weirdness & Mutations

You have sharp claws.
You have razor-sharp teeth.
You have supernaturally acute eyesight. (SInv)
You cover ground quickly. (Speed+)
You are covered in fur. (AC +1)
Your paws help you pounce on unaware monsters.
You are incapable of wielding weapons or throwing items.
You cannot wear armour.
You gain extra lives every three experience levels.


   Skills:
 + Level 1.4 Fighting
 + Level 3.5 Dodging
 + Level 2.2 Stealth
 + Level 0.8 Unarmed Combat
 - Level 3.2 Evocations


You had one spell level left.
You didn't know any spells.
Your spell library contained the following spells:

 Spells                   Type           Power      Damage    Failure   Level
 Anguish                  Hex/Necr       0%         N/A       97%         4
 Enfeeble                 Hex            0%         N/A       100%        7

Inventory:

Jewellery
 L - a ring of flight (left paw)
Wands
 a - a wand of flame (15) (quivered)
 b - a wand of charming (15)
 c - a wand of iceblast (5)
Potions
 d - a potion of brilliance {unknown}
 e - a potion of flight {unknown}
 f - a potion of lignification {unknown}

Dungeon Overview and Level Annotations

Branches:
Dungeon (1/15)

Altars:

Shops:
D:1 [

Annotations:
D:1 2 runed translucent doors

#........# ....... #........#
### ....... #........# #.##
.∩....? #........#
#..###....... #..††....####
#..#.........
#...........#######....#.......
#........##(...>...............
#........#...##.###>##.....#
...#.###...####.@g...#.##..##
...#..##.### #####...?.....#
...#.....# #.##.###....
......#### #....# ..# ...##.#
#.#### .. ...##.# #.# . ..)##.#
..# ...##.# ### ##.##.#
♣♣♣♣♣♣♣♣♣♣♣♣♣♣♣♣♣♣♣♣♣♣♣♣♣


You could see a goblin.


Message History

The goblin shouts!
The frilled lizard hisses angrily.
You closely miss the frilled lizard. The frilled lizard misses you.
You miss the goblin. The frilled lizard bites you. The goblin misses you.
You barely miss the goblin. You bite the goblin, but do no damage.
The frilled lizard barely misses you. The goblin completely misses you.
You barely miss the goblin. The frilled lizard misses you.
The goblin hits you with a +0 dagger.
You scratch the goblin but do no damage.
The frilled lizard bites you.
* * * LOW HITPOINT WARNING * * *
The goblin hits you with a +0 dagger.
* * * LOW HITPOINT WARNING * * *
You are too injured to fight recklessly!
You are too injured to fight recklessly!
You closely miss the frilled lizard. Your bite misses the frilled lizard.
The frilled lizard misses you.
You closely miss the frilled lizard. The frilled lizard misses you.
You miss the frilled lizard. The frilled lizard bites you.
* * * LOW HITPOINT WARNING * * *
You scratch the frilled lizard.
You kill the frilled lizard!
You closely miss the goblin. You bite the goblin.
The goblin is moderately wounded.
The goblin hits you with a +0 dagger.
* * * LOW HITPOINT WARNING * * *
You scratch the goblin but do no damage.
Your bite misses the goblin.
The goblin is moderately wounded.
The goblin hits you with a +0 dagger.
You die...

Skill      XL: |  1 |
---------------+----+-----
Stealth        | 2 |  2.2
Fighting       | |  1.4
Dodging        | |  3.5
Unarmed Combat | |  0.8
Evocations     | |  3.2

Action                     || total
---------------------------++-------
  Melee: Unarmed           ||    69
         Bite              ||     8
         Punch             ||     1
 Armour: Skin              ||     3
  Dodge: Dodged            ||    54

Levels and vault maps discovered:
D:1:      erik_arrival_cave_to_civilisation [erik_arrival_cave_to_temple],
          layout_rooms, serial_shops, shop

Notes
Turn   | Place    | Note
-------+----------+-------------------------------------------
     0 | D:1      | Jackthecabe the Felid Artificer began the quest for the
                  | Orb.
     0 | D:1      | Reached XP level 1. HP: 9/9 MP: 2/2
   181 | D:1      | Found a large runed translucent door.
   181 | D:1      | Found a large runed translucent door.
   184 | D:1      | Noticed an orc priest
   184 | D:1      | Noticed an orc wizard
   185 | D:1      | Noticed an orc wizard
   185 | D:1      | Noticed an orc warrior
   326 | D:1      | Reached skill level 2 in Stealth
   326 | D:1      | Reached XP level 2. HP: 9/12 MP: 3/3
   539 | D:1      | Found Futoyj's Armour Emporium.
   563 | D:1      | Slain by a goblin

Vanquished Creatures
  A ball python (D:1)
  An endoplasm (D:1)
  A giant cockroach (D:1)
  2 hobgoblins (D:1)
  2 jackals (D:1)
  3 kobolds (D:1)
  A quokka (D:1)
  A bat (D:1)
  2 frilled lizards (D:1)
  2 rats (D:1)
16 creatures vanquished.

Table legend: (Time is in decaauts)
 A = Elapsed time spent in this place.
 B = Non-inter-level travel time spent in this place.
 C = Inter-level travel time spent in this place.
 D = Time resting spent in this place.
 E = Time spent auto-exploring this place.
 F = Levels seen in this place.
 G = Mean time per level.
                   A        B        C        D        E       F      G
               +--------+--------+--------+--------+--------+-----+--------+
         Total |    487 |    487 |      0 |     32 |    260 |   1 |  487.0 |
       Dungeon |    487 |    487 |      0 |     32 |    260 |   1 |  487.0 |
               +--------+--------+--------+--------+--------+-----+--------+

Top non-repeatable levels by time:
     D:1: 487 daAuts

Table legend:
 A = Non-vault XP
 B = Vault XP
 C = Vault XP percentage of total XP
 D = Non-vault monster count
 E = Vault monster count
 F = Vault count percentage of total count
                 A         B        C        D         E       F
            +---------+---------+-------+---------+---------+-------
      Total |      23 |       3 |  11.5 |      14 |       2 |  12.5
            +---------+---------+-------+---------+---------+-------
        D:1 |      23 |       3 |  11.5 |      14 |       2 |  12.5
            +---------+---------+-------+---------+---------+-------
